 Dungeon Crawl Stone Soup version 0.32-a0-768-g0f6f1dd4b9 (webtiles) character file.

Game seed: 6724102564025170778

84814 Malificent the Basher (level 15, -1/106 HPs)
             Began as a Gargoyle Chaos Knight on Mar 18, 2024.
             Was a High Priest of Jiyva.
             Slain by a ghost moth (7 damage)
             ... on level 1 of the Spider Nest.
             The game lasted 01:19:25 (14594 turns).

Malificent the Basher (Gargoyle Chaos Knight)      Turns: 14594, Time: 01:19:26

Health: -1/106     AC: 18    Str: 28      XL:     15   Next: 4%
Magic:  0/19       EV: 18    Int: 16 (17) God:    Jiyva [*****.]
Gold:   892        SH: 10    Dex: 10      Spells: 20/20 levels left

rFire   . . .        a - +5 morningstar of Ojool {venom, rElec rF+ Int+2}
rCold   . . .        G - +0 buckler
rNeg    + + +        Y - +2 robe of the Lute {rN++}
rPois   ∞            (helmet unavailable)
rElec   +            (no cloak)
rCorr   +            (no gloves)
SInv    .            h - +1 pair of boots
Will    ++...        X - amulet "Nyorghina" {Reflect +Blink rF- Str+4 SH+5}
Stlth   ++++++       B - +5 ring of evasion
HPRegen 1.81/turn    (no ring)
MPRegen 0.88/turn

%: reflection
@: mighty, calling ooze, flying, studying Armour
A: sickness immunity, AC +11, big wings, negative energy resistance 1,
electricity resistance, torment resistance 1, petrification resistance, hooves
1, horns 3, thin skeletal structure 1, strong-willed 1, mutation resistance 2,
robust 1, strong 1, acidic bite, eyeballs 1, translucent skin 1
}: 1/15 runes: slimy
a: Renounce Religion, Evoke Blink, Oozemancy, Slimify


You were on level 1 of the Spider Nest.
You worshipped Jiyva.
Jiyva was extremely pleased with you.
You visited 5 branches of the dungeon, and saw 23 of its levels.
You also visited: Ossuary and Bailey.

You collected 892 gold pieces.

Inventory:

Hand Weapons
 a - the +5 morningstar of Ojool (weapon) {venom, rElec rF+ Int+2}
   (You found it in a bailey)

   Int+2:     It affects your intelligence (+2).
   rF+:       It protects you from fire.
   rElec:     It insulates you from electricity.
 K - the +3 shortbow of Calculation {elec, Str+3}
   (You found it on level 5 of the Pits of Slime)

   Str+3:     It affects your strength (+3).
 L - a +0 orcbow of flaming
 Q - the +4 sling of the End {drain, Str+5 Stlth+}
   (You found it on level 5 of the Pits of Slime)

   Str+5:     It affects your strength (+5).
   Stlth+:    It makes you more stealthy.
 R - the +7 Spriggan's Knife {stab, EV+4 Stlth+}
   (You found it on level 5 of the Pits of Slime)

   Stab:      It is more effective when stabbing unaware enemies, sometimes
   treating them as though they were completely helpless.
   EV+4:      It affects your evasion (+4).
   Stlth+:    It makes you more stealthy.
 S - the +8 frozen axe "Frostbite" {freeze, freezing cloud, *Noise Fly rC+}
   (You found it on level 5 of the Pits of Slime)

   rC+:       It protects you from cold.
   Fly:       It grants you flight.
   *Noise:    It may make a loud noise when swung.
 Z - the +1 hand axe of Wepytwad {drain, Int+5}
   (You found it on level 5 of the Pits of Slime)

   Int+5:     It affects your intelligence (+5).
Missiles
 g - 3 atropa-tipped darts
 t - 13 boomerangs (quivered)
 x - a throwing net
Armour
 b - a +2 leather armour
 d - a +1 hat
 h - a +1 pair of boots (worn)
 k - a +2 robe of willpower
 l - a +0 pair of gloves
 m - the +1 leather armour "Zaex" {Str+3}
   (You found it on level 3 of the Dungeon)

   Str+3:     It affects your strength (+3).
 E - the +0 mask of the Dragon {Will+ Slay+3 SInv}
   (You found it on level 8 of the Dungeon)

   Slay+3:    It affects your accuracy & damage with ranged weapons and melee
   (+3).
   Will+:     It increases your willpower.
   SInv:      It lets you see invisible.
 G - a +0 buckler (worn)
 T - the +0 pair of gloves of Geicaera {rC- Dex+5}
   (You found it on level 5 of the Pits of Slime)

   Dex+5:     It affects your dexterity (+5).
   rC-:       It makes you vulnerable to cold.
 Y - the +2 robe of the Lute (worn) {rN++}
   (You found it on level 5 of the Pits of Slime)

   rN++:      It greatly protects you from negative energy.
Jewellery
 B - a +5 ring of evasion (left hand)
 V - the ring of Taaj {Wiz rPois Will+ Stlth+}
   (You found it on level 5 of the Pits of Slime)

   [ring of wizardry]

   Wiz:       It improves your spell success rate.
   rPois:     It protects you from poison.
   Will+:     It increases your willpower.
   Stlth+:    It makes you more stealthy.
 W - the ring of Juxo {rN+ Int+6 Dex+3 Slay-6}
   (You found it on level 5 of the Pits of Slime)

   [ring of intelligence]

   Int+6:     It affects your intelligence (+6).
   Dex+3:     It affects your dexterity (+3).
   Slay-6:    It affects your accuracy & damage with ranged weapons and melee
   (-6).
   rN+:       It protects you from negative energy.
 X - the amulet "Nyorghina" (around neck) {Reflect +Blink rF- Str+4 SH+5}
   (You found it on level 5 of the Pits of Slime)

   [amulet of reflection]

   Reflect:   It reflects blocked missile attacks.
   Str+4:     It affects your strength (+4).
   rF-:       It makes you vulnerable to fire.
   +Blink:    It lets you blink.
   SH+5:      It affects your SH (+5).
Wands
 A - a wand of light (12)
 F - a wand of flame (8)
 P - a wand of paralysis (2)
Scrolls
 c - 3 scrolls of butterflies
 n - 2 scrolls of amnesia
 v - 2 scrolls of fog
 D - 2 scrolls of vulnerability
 O - 3 scrolls of immolation
Potions
 f - a potion of heal wounds {unknown}
 o - a potion of attraction {unknown}
 p - a potion of curing
 r - 5 potions of mutation
 s - 3 potions of brilliance
 w - 2 potions of magic
 J - 2 potions of haste
 N - a potion of enlightenment


   Skills:
 + Level 12.5 Fighting
 + Level 14.7(15.3) Maces & Flails
 + Level 7.3(12.0) Staves
 + Level 3.6 Ranged Weapons
 + Level 1.4 Throwing
 + Level 7.5 Armour
 + Level 8.9 Dodging
 + Level 10.6 Stealth
 + Level 7.5 Shields
 + Level 3.1 Spellcasting
 + Level 3.7 Evocations


You had 20 spell levels left.
You didn't know any spells.
Your spell library contained the following spells:

 Spells                   Type           Power      Damage    Failure   Level
 Sandblast                Erth           4%         2d4       21%         1
 Ozocubu's Armour         Ice            2%         N/A       52%         3
 Stone Arrow              Conj/Erth      4%         3d7       52%         3
 Animate Armour           Summ/Erth      4%         N/A       90%         4
 Animate Dead             Necr           2%         N/A       90%         4
 Brom's Barrelling Bould  Conj/Erth      2%         2d3       90%         4
 Dimensional Bullseye     Hex/Tloc       1%         N/A       90%         4
 Summon Lightning Spire   Summ/Air       2%         N/A       90%         4
 Lee's Rapid Deconstruct  Erth           1%         3d4*      99%         5
 Haunt                    Necr/Summ      1%         N/A       100%        7
 Malign Gateway           Summ/Tloc      1%         N/A       100%        7
 Infestation              Necr           1%         N/A       100%        8


Dungeon Overview and Level Annotations

Branches:
Dungeon (11/15)            Temple (1/1) D:7            Lair (5/5) D:9
 Shoals (0/4) Lair:3       Spider (1/4) Lair:3        Slime (5/5) Lair:4
    Orc (0/2) D:11        Ossuary (visited)          Bailey (visited)

Altars:
Ashenzari
Cheibriados
Dithmenos
Elyvilon
Gozag
Hepliaklqana
Kikubaaqudgha
Makhleb
Nemelex Xobeh
Okawaru
Qazlal
Ru
Sif Muna
Trog
Vehumet
Xom
Yredelemnul
Zin
The Shining One
Jiyva

Annotations:
Lair:5 2 transporters, exclusion: ice statue, Coph's ghost, journeyman DsFE
Slime:5 Royal Jelly


Innate Abilities, Weirdness & Mutations

You are immune to sickness and miasma.
Your stone body is resilient. (AC +11)
You are immune to poison.
Your large and strong wings let you fly.
You resist negative energy. (rN+)
You are resistant to electric shocks. (rElec)
You are resistant to unholy torment.
You are immune to petrification.
You have large cloven feet.
You have a pair of large horns on your head.
You have a somewhat thin skeletal structure. (Dex +2, Stealth+)
You are strong-willed. (Will+)
You are somewhat resistant to both further mutation and mutation removal.
You are robust. (+10% HP)
Your muscles are strong. (Str +4, Int/Dex -1)
You have acidic saliva.
Your body has grown eyes which may confuse attackers. (Acc +3)
Your translucent skin slightly reduces your foes' accuracy. (Stealth+)


Message History

Okay, then.
It was a potion of might.
You feel very mighty all of a sudden.
The jumping spider leaps!
The wall burns the redback!
The walls burn something!
Something hits you! Something hits you. You block something's attack.
The emperor scorpion stings you!
* * * LOW HITPOINT WARNING * * *
The emperor scorpion completely misses you.
The emperor scorpion barely misses you.
The wall burns the demonic crawler!
The demonic crawler hits you!
* * * LOW HITPOINT WARNING * * *
You block the demonic crawler's attack. The demonic crawler hits you.
* * * LOW HITPOINT WARNING * * *
The jumping spider leaps!
The walls burn the orb spider!
The jumping spider leaps!
The walls burn the redback!
The walls burn the boulder beetle!
Okay, then.
Okay, then.
You fail to use your ability.
The wall burns the moth of wrath!
The walls burn something!
Something hits you but does no damage. Something closely misses you.
Something barely misses you.
The emperor scorpion completely misses you.
The emperor scorpion claws you but does no damage.
The emperor scorpion completely misses you.
The wall burns the demonic crawler!
The demonic crawler completely misses you.
The demonic crawler hits you but does no damage.
The demonic crawler hits you!
* * * LOW HITPOINT WARNING * * *
The jumping spider leaps!
The walls burn the redback!
The redback bites you but does no damage.
The wall burns the orb spider!
The wall burns the moth of wrath!
The moth of wrath goads the redback on!
The redback goes berserk!
The moth of wrath goads the boulder beetle on!
The boulder beetle goes berserk!
The walls burn something!
You feel you are being watched by something.
You feel your power leaking away. Something hits you!
You die...
Jiyva sends a jelly to digest your equipment.

#### ## ##s.# .###
#@s.##....#
##†s..#....##
####Bs..#.....#
#########...Bs.#.^....#
#..#.##.#..s..ys.......
#......##.............
##.†..>..##.....○○.....
#.........#^...†.......
#....^....##..$........


You could see an emperor scorpion (blind, unable to see you), a boulder beetle
(berserk), 2 demonic crawlers, a moth of wrath, an orb spider, a pharaoh ant, a
jumping spider and 2 redbacks.

Vanquished Creatures
  Mlioglotl (Spider:1)
  Gastronok (D:10)
  A spark wasp (Spider:1)
  Fannar (Lair:1)
  A catoblepas (Lair:5)
  3 hydras
  A centaur warrior (D:10)
  2 two-headed ogres (D:10)
  A hell hog (Lair:5)
  A boulder beetle (Lair:5)
  2 demonic crawlers
  4 death yaks
  A skyshark (Lair:5)
  2 pharaoh ants
  An orb spider (Spider:1)
  2 wolf spiders
  A steelbarb worm (Spider:1)
  A manticore (D:10)
  A moth of wrath (Spider:1)
  3 black mambas
  A merfolk siren (Lair:3)
  10 elephants
  A meliai (Lair:3)
  5 torpor snails
  4 cane toads
  An unseen horror zombie (D:7)
  2 unseen horrors (D:10)
  3 komodo dragons
  3 rime drakes
  11 polar bears
  3 tarantellas
  3 raiju (Lair:5)
  35 blink frogs
  11 dream sheep
  2 jumping spiders (Spider:1)
  Sigmund (D:2)
  A wraith (D:11)
  A vampire (D:9)
  3 culicivoras
  3 wyverns
  Eustachio (D:6)
  4 basilisks
  3 fire bats (D:8)
  34 yaks
  A steam dragon (D:10)
  2 fire elementals (D:8)
  Menkaure (D:7)
  6 redbacks
  4 wargs (Lair:5)
  2 vampire mosquitoes (D:11)
  16 water moccasins
  2 acid dragons
  13 hell hounds (Lair:5)
  4 orc warriors
  An ice beast (D:7)
  A sky beast (D:7)
  13 black bears
  An ogre (D:9)
  22 wolves
  7 centaurs
  2 phantoms
  7 bullfrogs
  2 kobold brigands
  2 gnoll sergeants
  A scorpion (D:4)
  A burial acolyte (Ossuary)
  7 wights
  12 killer bees
  4 howler monkeys
  A jelly (Lair:3)
  3 orc priests
  Crazy Yiuf (D:2)
  A bombardier beetle (D:6)
  A centaur skeleton (Ossuary)
  7 hounds
  Jessica (D:3)
  4 iguanas
  7 orc wizards
  Terence (D:3)
  3 killer bee zombies (D:7)
  A mummy (D:4)
  A howler monkey zombie (D:7)
  22 gnolls
  5 adders
  2 shadow imps
  4 white imps
  2 ufetubi (D:6)
  3 ribbon worms (D:2)
  5 dart slugs
  20 orcs
  5 bats
  2 giant cockroaches
  15 goblins
  17 hobgoblins
  2 quokkas
  6 ball pythons
  A ball python skeleton (Ossuary)
  5 frilled lizards
  2 hobgoblin skeletons (Ossuary)
  A hobgoblin zombie (D:4)
  21 kobolds
  3 kobold skeletons (Ossuary)
  2 orc skeletons (Ossuary)
  A rat (D:1)
489 creatures vanquished.

Vanquished Creatures (collateral kills)
  A rime drake (Lair:2)
  A jumping spider (Spider:1)
  A yak (Lair:2)
  2 redbacks (Spider:1)
  An ogre (D:5)
6 creatures vanquished.

Vanquished Creatures (others)
  A quicksilver ooze (Lair:5)
  A rime drake (Lair:5)
  2 slime creatures
  A tarantella (Spider:1)
  A blink frog (Lair:1)
  A dream sheep (Lair:4)
  A wyvern (Lair:4)
  4 yaks (Lair:5)
  2 water moccasins
  A hell hound (Lair:5)
  An orc warrior (D:11)
  A wolf (Lair:4)
  A phantom (D:5)
  A wyvern zombie (D:7)
  2 bullfrogs
  A gnoll sergeant (D:6)
  A wight (D:9)
  A killer bee (D:8)
  A vampire bat (D:3)
  A bombardier beetle (D:4)
  A hound (D:5)
  2 orc priests (D:11)
  51 jellies
  A gnoll (D:6)
  3 adders
  3 endoplasms
  4 orcs
  A bat skeleton (D:3)
  4 bat zombies (D:3)
  A hobgoblin (D:1)
  2 quokkas (D:1)
  A goblin zombie (D:4)
  A kobold (D:1)
  2 kobold zombies (Bailey)
103 creatures vanquished.

Grand Total: 598 creatures vanquished

Notes
Turn   | Place    | Note
-------+----------+-------------------------------------------
     0 | D:1      | Malificent the Gargoyle Chaos Knight began the quest for
                  | the Orb.
     0 | D:1      | Reached XP level 1. HP: 14/14 MP: 1/1
   112 | D:1      | Found a faded altar of an unknown god.
   153 | D:1      | Reached XP level 2. HP: 19/19 MP: 2/2
   283 | D:1      | Prayed at the altar of an unknown god.
   283 | D:1      | Fell from the grace of Xom
   283 | D:1      | Became a worshipper of Jiyva Joweebes the Shapeless
   283 | D:1      | Reached * piety under Jiyva
   763 | D:2      | Reached ** piety under Jiyva
   786 | D:2      | Reached XP level 3. HP: 24/24 MP: 3/3
   830 | D:2      | Reached skill level 1 in Dodging
  1031 | D:2      | Noticed Sigmund
  1057 | D:2      | Killed Sigmund
  1058 | D:2      | Reached skill level 4 in Maces & Flails
  1058 | D:2      | Reached XP level 4. HP: 10/30 MP: 4/4
  1058 | D:2      | Reached XP level 5. HP: 11/34 MP: 5/5
  1226 | D:2      | Found a runed translucent door.
  1227 | D:2      | Noticed Crazy Yiuf
  1238 | D:2      | Paralysed by Crazy Yiuf for 1 turns
  1240 | D:2      | Killed Crazy Yiuf
  1241 | D:2      | Reached skill level 1 in Stealth
  1241 | D:2      | Reached XP level 6. HP: 37/39 MP: 6/6
  1322 | D:3      | Noticed Terence
  1349 | D:3      | Killed Terence
  1381 | D:3      | Reached *** piety under Jiyva
  1406 | D:3      | Found a burning altar of Makhleb.
  1513 | D:3      | Noticed Jessica
  1520 | D:3      | Killed Jessica
  1521 | D:3      | Reached skill level 5 in Maces & Flails
  1561 | D:3      | Gained mutation: You have a pair of small horns on your
                  | head. [Jiyva's grace]
  1561 | D:3      | Gained mutation: You have a pair of horns on your head.
                  | [Jiyva's grace]
  1561 | D:3      | Gained mutation: You have a pair of large horns on your
                  | head. [Jiyva's grace]
  1561 | D:3      | Gained mutation: Your rubbery body absorbs attacks. (AC +1,
                  | EV +1) [Jiyva's grace]
  1676 | D:3      | Identified the +1 leather armour "Zaex" {Str+3}
  1771 | D:3      | Found an ancient bone altar of Kikubaaqudgha.
  1829 | D:4      | Reached **** piety under Jiyva
  1908 | D:4      | XOM: silly message
  2123 | D:4      | Reached skill level 1 in Staves
  2138 | D:4      | Found a sand-covered staircase.
  2146 | Ossuary  | XOM: noise
  2146 | Ossuary  | Entered an ossuary
  2208 | Ossuary  | Reached XP level 7. HP: 44/44 MP: 7/7
  2303 | Ossuary  | Reached skill level 5 in Fighting
  2440 | Ossuary  | Lost mutation: Your rubbery body absorbs attacks. (AC +1,
                  | EV +1) [potion of mutation]
  2440 | Ossuary  | Lost mutation: You have a pair of large horns on your head.
                  | [potion of mutation]
  2440 | Ossuary  | Lost mutation: You have a pair of horns on your head.
                  | [potion of mutation]
  2440 | Ossuary  | Gained mutation: You have sharp toenails. [potion of
                  | mutation]
  2440 | Ossuary  | Gained mutation: Your spells are a little easier to cast,
                  | but a little less powerful. [potion of mutation]
  2440 | Ossuary  | Gained mutation: Your large and strong wings let you fly.
                  | [potion of mutation]
  2915 | D:4      | Reached ***** piety under Jiyva
  3005 | D:5      | Entered Level 5 of the Dungeon
  3084 | D:5      | Found a snail-covered altar of Cheibriados.
  3182 | D:5      | XOM: noise
  3254 | D:5      | Lost mutation: You have a pair of small horns on your head.
                  | [Jiyva's grace]
  3254 | D:5      | Gained mutation: You have a small jelly attached to you
                  | that senses nearby items. [Jiyva's grace]
  3254 | D:5      | Gained mutation: Your body has grown eyes which may confuse
                  | attackers. (Acc +3) [Jiyva's grace]
  3254 | D:5      | Gained mutation: Your body has grown many eyes which may
                  | confuse attackers. (Acc +5) [Jiyva's grace]
  3254 | D:5      | Gained mutation: Your body is covered in eyes which may
                  | confuse attackers. (Acc +7, SInv) [Jiyva's grace]
  3298 | D:5      | XOM: summons 3 hostile demons
  3447 | D:5      | Reached XP level 8. HP: 48/49 MP: 8/8
  3504 | D:5      | Upgraded the game from 0.32-a0-747-gc8563f6773 to
                  | 0.32-a0-768-g0f6f1dd4b9
  3526 | D:6      | Noticed Eustachio
  3539 | D:6      | Killed Eustachio
  3540 | D:6      | Reached skill level 5 in Staves
  3584 | D:6      | XOM: 1-stop teleportation journey
  3713 | D:6      | XOM: polymorph jelly -> ball python
  4022 | D:7      | Reached XP level 9. HP: 55/55 MP: 9/9
  4074 | D:7      | Found a flagged portal.
  4093 | Bailey   | Entered a bailey
  4098 | Bailey   | Noticed an orc warlord
  4207 | Bailey   | Found a runed translucent gate.
  4208 | Bailey   | Found a runed translucent gate.
  4232 | Bailey   | Found a runed translucent gate.
  4311 | Bailey   | Slimified an orc warlord
  4311 | Bailey   | an orc warlord changed into an acid blob
  4311 | Bailey   | Noticed an acid blob
  4351 | Bailey   | Identified the +5 morningstar of Ojool {venom, rElec rF+
                  | Int+2}
  4788 | D:7      | Found a shimmering altar of Xom.
  4838 | D:7      | Found a staircase to the Ecumenical Temple.
  4897 | D:7      | Noticed Menkaure
  4909 | D:7      | Killed Menkaure
  5011 | D:7      | Lost mutation: Your large and strong wings let you fly.
                  | [Jiyva's grace]
  5011 | D:7      | Lost mutation: Your spells are a little easier to cast, but
                  | a little less powerful. [Jiyva's grace]
  5011 | D:7      | Gained mutation: You are agile. (Dex +4, Str/Int -1)
                  | [Jiyva's grace]
  5011 | D:7      | Gained mutation: You are very agile. (Dex +8, Str/Int -2)
                  | [Jiyva's grace]
  5011 | D:7      | Lost mutation: You have sharp toenails. [Jiyva's grace]
  5011 | D:7      | Gained mutation: You have large cloven feet. [Jiyva's
                  | grace]
  5011 | D:7      | Gained mutation: You have hoof-like feet. [Jiyva's grace]
  5090 | D:7      | Reached skill level 6 in Maces & Flails
  5285 | D:7      | Reached skill level 7 in Maces & Flails
  5285 | D:7      | Reached skill level 5 in Dodging
  5285 | D:7      | Reached XP level 10. HP: 64/64 MP: 9/14
  5314 | D:8      | Found the +0 mask of the Dragon {Will+ Slay+3 SInv}
  5314 | D:8      | Found a transporter.
  5447 | D:8      | Found a bloodstained altar of Trog.
  5561 | D:8      | Reached skill level 8 in Maces & Flails
  5590 | D:8      | Found a transporter.
  5716 | D:8      | Reached XP level 11. HP: 52/68 MP: 15/15
  5975 | D:9      | XOM: 1-stop teleportation journey
  6145 | D:9      | XOM: polymorph gnoll sergeant -> black bear
  6372 | D:9      | Found a staircase to the Lair.
  6443 | D:9      | Lost mutation: Your body is covered in eyes which may
                  | confuse attackers. (Acc +7, SInv) [Jiyva's grace]
  6443 | D:9      | Gained mutation: Your muscles are strong. (Str +4, Int/Dex
                  | -1) [Jiyva's grace]
  6443 | D:9      | Gained mutation: Your muscles are very strong. (Str +8,
                  | Int/Dex -2) [Jiyva's grace]
  6443 | D:9      | Gained mutation: You have acidic saliva. [Jiyva's grace]
  6443 | D:9      | Gained mutation: Your spells are a little harder to cast,
                  | but a little more powerful. [Jiyva's grace]
  6577 | D:9      | Found a sacrificial altar of Ru.
  6951 | D:8      | XOM: summons 3 hostile shadow creatures
  6952 | D:8      | Noticed a two-headed ogre
  7099 | D:10     | Entered Level 10 of the Dungeon
  7185 | D:10     | XOM: stat loss: -2 Str (25/27)
  7350 | D:10     | Reached ****** piety under Jiyva
  7350 | D:10     | Noticed a two-headed ogre
  7359 | D:10     | Reached skill level 9 in Maces & Flails
  7361 | D:10     | Killed a two-headed ogre
  7362 | D:10     | Reached skill level 1 in Shields
  7439 | D:10     | Noticed a centaur warrior
  7445 | D:10     | Noticed a manticore
  7473 | D:10     | Killed a manticore
  7539 | D:10     | Killed a centaur warrior
  7577 | D:10     | Noticed a two-headed ogre
  7587 | D:10     | Killed a two-headed ogre
  7694 | D:10     | Noticed Gastronok
  7713 | D:10     | Killed Gastronok
  7714 | D:10     | Reached skill level 10 in Maces & Flails
  7786 | D:10     | XOM: 1-stop teleportation journey
  7904 | D:11     | Reached XP level 12. HP: 76/76 MP: 16/16
  8085 | D:11     | Lost mutation: You have hoof-like feet. [Jiyva's grace]
  8085 | D:11     | Lost mutation: You are very agile. (Dex +8, Str/Int -2)
                  | [Jiyva's grace]
  8085 | D:11     | Lost mutation: Your muscles are very strong. (Str +8,
                  | Int/Dex -2) [Jiyva's grace]
  8085 | D:11     | Lost mutation: You have a small jelly attached to you that
                  | senses nearby items. [Jiyva's grace]
  8085 | D:11     | Gained mutation: You have hoof-like feet. [Jiyva's grace]
  8085 | D:11     | Gained mutation: You have hooves in place of feet. [Jiyva's
                  | grace]
  8085 | D:11     | Gained mutation: Your large and strong wings let you fly.
                  | [Jiyva's grace]
  8085 | D:11     | Gained mutation: You have a somewhat thin skeletal
                  | structure. (Dex +2, Stealth+) [Jiyva's grace]
  8697 | D:11     | XOM: noise
  8721 | D:11     | Found a staircase to the Orcish Mines.
  9128 | Lair:1   | Entered Level 1 of the Lair of Beasts
  9415 | Lair:1   | Reached skill level 1 in Throwing
  9564 | Lair:1   | Lost mutation: You have hooves in place of feet. [Jiyva's
                  | grace]
  9564 | Lair:1   | Lost mutation: You are agile. (Dex +4, Str/Int -1) [Jiyva's
                  | grace]
  9564 | Lair:1   | Lost mutation: Your body has grown many eyes which may
                  | confuse attackers. (Acc +5) [Jiyva's grace]
  9564 | Lair:1   | Gained mutation: You have a small jelly attached to you
                  | that may absorb projectiles. [Jiyva's grace]
  9564 | Lair:1   | Gained mutation: Your translucent skin slightly reduces
                  | your foes' accuracy. (Stealth+) [Jiyva's grace]
  9564 | Lair:1   | Gained mutation: Your translucent skin reduces your foes'
                  | accuracy. (Stealth+) [Jiyva's grace]
  9564 | Lair:1   | Gained mutation: Your transparent skin significantly
                  | reduces your foes' accuracy. (Stealth+) [Jiyva's grace]
  9564 | Lair:1   | Noticed Fannar
  9595 | Lair:1   | Reached skill level 11 in Maces & Flails
  9614 | Lair:1   | Killed Fannar
  9718 | Lair:1   | XOM: give mutation
  9718 | Lair:1   | Lost mutation: You have a somewhat thin skeletal structure.
                  | (Dex +2, Stealth+) [Xom's mischief]
  9738 | Lair:1   | You are sucked into a shaft and drop 1 floor!
  9847 | Lair:2   | XOM: repel stairs
  9877 | Lair:2   | Reached skill level 10 in Fighting
  9921 | Lair:2   | Noticed a death yak
  9932 | Lair:2   | XOM: noise
 10029 | Lair:1   | XOM: noise
 10220 | Lair:1   | XOM: summons 7 hostile demons
 10221 | Lair:1   | Noticed a sun demon
 10387 | Lair:2   | Noticed a death yak
 10420 | Lair:2   | Reached XP level 13. HP: 83/83 MP: 17/17
 10484 | Lair:2   | XOM: polymorph jelly -> glowing shapeshifter
 10539 | Lair:2   | Reached skill level 12 in Maces & Flails
 10968 | Lair:3   | XOM: give mutations
 10968 | Lair:3   | Gained mutation: You have an increased reservoir of magic.
                  | (+10% MP) [Xom's grace]
 10968 | Lair:3   | Gained mutation: You are strong-willed. (Will+) [Xom's
                  | grace]
 10968 | Lair:3   | Gained mutation: You have a pair of small horns on your
                  | head. [Xom's grace]
 10975 | Lair:3   | Lost mutation: Your large and strong wings let you fly.
                  | [Jiyva's grace]
 10975 | Lair:3   | Lost mutation: You have hoof-like feet. [Jiyva's grace]
 10975 | Lair:3   | Lost mutation: You have a pair of small horns on your head.
                  | [Jiyva's grace]
 10975 | Lair:3   | Lost mutation: Your spells are a little harder to cast, but
                  | a little more powerful. [Jiyva's grace]
 10975 | Lair:3   | Lost mutation: Your transparent skin significantly reduces
                  | your foes' accuracy. (Stealth+) [Jiyva's grace]
 10975 | Lair:3   | Lost mutation: Your translucent skin reduces your foes'
                  | accuracy. (Stealth+) [Jiyva's grace]
 10975 | Lair:3   | Lost mutation: You have a small jelly attached to you that
                  | may absorb projectiles. [Jiyva's grace]
 10975 | Lair:3   | Gained mutation: You are somewhat resistant to further
                  | mutation. [Jiyva's grace]
 10975 | Lair:3   | Gained mutation: You are somewhat resistant to both further
                  | mutation and mutation removal. [Jiyva's grace]
 10975 | Lair:3   | Gained mutation: You are almost entirely resistant to
                  | further mutation and mutation removal. [Jiyva's grace]
 10975 | Lair:3   | Gained mutation: You are robust. (+10% HP) [Jiyva's grace]
 11204 | Lair:3   | XOM: summons 1 hostile shadow creature
 11216 | Lair:3   | Found a staircase to the Shoals.
 11395 | Lair:3   | Found a hole to the Spider Nest.
 11440 | Lair:3   | Was forgiven by Xom
 11806 | Lair:4   | Found a staircase to the Slime Pits.
 11807 | Lair:4   | Found a viscous altar of Jiyva.
 11819 | Slime:1  | Entered Level 1 of the Pits of Slime
 11824 | Slime:2  | Noticed a great orb of eyes
 11824 | Slime:2  | Noticed an acid blob
 11832 | Slime:3  | Noticed a rockslime
 11832 | Slime:3  | Noticed a great orb of eyes
 11850 | Slime:4  | Noticed a quicksilver ooze
 11850 | Slime:4  | Noticed a rockslime
 11856 | Slime:5  | Entered Level 5 of the Pits of Slime
 11868 | Slime:5  | Noticed a quicksilver ooze
 11877 | Slime:5  | Noticed a rockslime
 11883 | Slime:5  | Noticed an acid blob
 11886 | Slime:5  | Noticed a formless jellyfish
 11886 | Slime:5  | Noticed an acid blob
 11890 | Slime:5  | Noticed a quicksilver ooze
 11890 | Slime:5  | Noticed a rockslime
 11891 | Slime:5  | Noticed a rockslime
 11894 | Slime:5  | Noticed an acid blob
 11914 | Slime:5  | Noticed a great orb of eyes
 11915 | Slime:5  | Found a viscous altar of Jiyva.
 11916 | Slime:5  | Noticed a formless jellyfish
 11918 | Slime:5  | Noticed a formless jellyfish
 11918 | Slime:5  | Noticed a formless jellyfish
 11918 | Slime:5  | Noticed a great orb of eyes
 11919 | Slime:5  | Found the +7 Spriggan's Knife {stab, EV+4 Stlth+}
 11919 | Slime:5  | Noticed the Royal Jelly
 11921 | Slime:5  | Found the +8 frozen axe "Frostbite" {freeze, freezing
                  | cloud, *Noise Fly rC+}
 11928 | Slime:5  | Identified the +3 shortbow of Calculation {elec, Str+3}
 11930 | Slime:5  | Identified the +4 sling of the End {drain, Str+5 Stlth+}
 11939 | Slime:5  | Identified the +0 pair of gloves of Geicaera {rC- Dex+5}
 11941 | Slime:5  | Identified the +7 chain mail of Lodebre {-Tele rCorr Int+4}
 11946 | Slime:5  | Got a starry gem with 475 turns to spare
 11949 | Slime:5  | Got the Papyrus of the Voyage and the Wendigo
 11951 | Slime:5  | Got a slimy rune of Zot
 11952 | Slime:5  | Identified the ring of Taaj {Wiz rPois Will+ Stlth+}
 11956 | Slime:5  | Identified the ring of Juxo {rN+ Int+6 Dex+3 Slay-6}
 11959 | Slime:5  | Identified the amulet "Nyorghina" {Reflect +Blink rF- Str+4
                  | SH+5}
 11964 | Slime:5  | Identified the +1 hand axe of Wepytwad {drain, Int+5}
 11966 | Slime:5  | Identified the +2 robe of the Lute {rN++}
 11998 | Slime:5  | Noticed a quicksilver ooze
 12003 | Slime:5  | Noticed a quicksilver ooze
 12007 | Slime:5  | Noticed a great orb of eyes
 12038 | Slime:4  | Noticed an acid blob
 12061 | Slime:3  | Noticed a quicksilver ooze
 12073 | Slime:4  | Noticed an acid blob
 12107 | Slime:4  | Noticed an azure jelly
 12107 | Slime:4  | Noticed a rockslime
 12113 | Slime:3  | Noticed an azure jelly
 12125 | Slime:1  | Noticed a quicksilver ooze
 12127 | Slime:1  | Noticed a rockslime
 12130 | Slime:1  | Noticed an acid blob
 12136 | Slime:1  | Noticed a rockslime
 12136 | Slime:1  | Noticed a quicksilver ooze
 12277 | Lair:4   | Reached skill level 13 in Maces & Flails
 12653 | Temple   | Entered the Ecumenical Temple
 12843 | Lair:4   | Lost mutation: You have an increased reservoir of magic.
                  | (+10% MP) [Jiyva's grace]
 12843 | Lair:4   | Lost mutation: You are almost entirely resistant to further
                  | mutation and mutation removal. [Jiyva's grace]
 12843 | Lair:4   | Gained mutation: You have a pair of small horns on your
                  | head. [Jiyva's grace]
 12843 | Lair:4   | Gained mutation: You have a pair of horns on your head.
                  | [Jiyva's grace]
 12843 | Lair:4   | Gained mutation: You have a pair of large horns on your
                  | head. [Jiyva's grace]
 12843 | Lair:4   | Gained mutation: You have a somewhat thin skeletal
                  | structure. (Dex +2, Stealth+) [Jiyva's grace]
 13158 | Lair:5   | Entered Level 5 of the Lair of Beasts
 13166 | Lair:5   | Found a transporter.
 13199 | Lair:5   | Noticed Coph's ghost (journeyman DsFE)
 13225 | Lair:5   | Killed a quicksilver ooze
 13289 | Lair:5   | Reached skill level 5 in Shields
 13292 | Lair:5   | Gained mutation: Your large and strong wings let you fly.
                  | [Gargoyle growth]
 13292 | Lair:5   | Reached XP level 14. HP: 95/99 MP: 18/18
 13424 | Lair:5   | Reached skill level 10 in Stealth
 13586 | Lair:5   | Found a transporter.
 13836 | Lair:5   | Reached skill level 14 in Maces & Flails
 14376 | Spider:1 | Entered Level 1 of the Spider Nest
 14573 | Spider:1 | Noticed Mlioglotl
 14579 | Spider:1 | Noticed an emperor scorpion
 14587 | Spider:1 | Killed Mlioglotl
 14588 | Spider:1 | Reached XP level 15. HP: 60/106 MP: 0/19
 14594 | Spider:1 | Slain by a ghost moth

Illustrated notes

Levels and vault maps discovered:
D:1:      matt_arrival_spirals, layout_loops_ring,
          chequers_ecumenical_altar_simple_redux
D:2:      layout_rooms, uniq_sigmund, uniq_crazy_yiuf_cottage
D:3:      layout_basic, mainiacjoe_overflow_alcove_1, kennysheep_vampire_church,
          guppyfry_early_lair_pool, uniq_jessica, uniq_terence
D:4:      layout_basic, nicolae_ossuary_entry_giza
D:5:      layout_rooms, kennysheep_slug_shrine
D:6:      layout_rooms, minmay_small_thing, uniq_eustachio
D:7:      layout_loops_corners, kennysheep_mini,
          minmay_temple_entry_from_below_a, serial_undead, serial_undead_c,
          serial_undead_b, serial_undead_e, serial_undead_f, enter_bailey_4,
          nicolae_figureground_pulse, uniq_menkaure
D:8:      gammafunk_cloud_chamber, layout_rooms, bloody_trog,
          nicolae_overflow_hidden_temple
D:9:      kennysheep_housing_project, layout_long_grid, lemuel_tele_altar,
          lair_entry_dummy, kennysheep_minor_cross
D:10:     layout_roguey, minmay_radiant, uniq_gastronok
D:11:     layout_layer_cave, david_orc_1_choice, minmay_misc_feat_doors
Temple:   nicolae_temple_bog_church
Lair:1:   layout_cellular_growth, uniq_fannar
Lair:2:   layout_chaotic_city
Lair:3:   layout_regular_city, minmay_shoals_entry_lonely_mermaid,
          hellmonk_spider_entry_not_the_bees, grunt_forest_stairs_basic,
          nicolae_quartered_pool_little, cheibrodos_lair_reptile_den
Lair:4:   layout_long_grid, minmay_slime_entry_jelly_boxes,
          infiniplex_staircase_pool
Lair:5:   wormcave, layout_regular_city, hangedman_lair_caniforms_friends,
          nzn_ghost_randoct, nicolae_lair_time_for_slime
Spider:1: layout_spider_delve, hellmonk_spider_spawner, uniq_mlioglotl
Slime:1:  layout_caves, cheibrodos_slime_lost_civilization_7
Slime:2:  layout_caves
Slime:3:  layout_caves
Slime:4:  layout_caves
Slime:5:  slime_pit_nicolae_royal_road_to_ruin

Skill      XL: |  1  2  3  4  5  6  7  8  9 10 11 12 13 14 |
---------------+-------------------------------------------+-----
Dodging        | 1 2 3 5 6 7 8 |  8.9
Fighting       | 4 5 7 8 9 10 11 12 | 12.5
Maces & Flails | 4 5 7 8 10 11 13 14 | 14.7
Armour         | 3 4 6 7 |  7.5
Stealth        | 1 3 6 7 8 9 10 | 10.6
Staves         | 1 4 6 7 |  7.3
Ranged Weapons | 3 |  3.6
Spellcasting   | 3 |  3.1
Evocations     | 3 |  3.7
Shields        | 2 3 5 7 |  7.5
Throwing       | 1 |  1.4

Action                     |  1- 3 |  4- 6 |  7- 9 | 10-12 | 13-15 || total
---------------------------+-------+-------+-------+-------+-------++-------
  Melee: Mace              |    92 |     9 |       |       |       ||   101
         Quarterstaff      |       |    64 |   184 |       |       ||   248
         Headbutt          |       |     5 |     5 |       |   108 ||   118
         Morningstar       |       |       |    73 |   389 |   602 ||  1064
         Bite              |       |       |       |    35 |    87 ||   122
         Kick              |       |       |       |    71 |    62 ||   133
  Throw: Boomerang         |       |       |     1 |     8 |       ||     9
 Invoke: Oozemancy         |       |       |     4 |     1 |     1 ||     6
         Slimify           |       |       |     1 |       |       ||     1
  Evoke: Wand              |       |       |       |    12 |     2 ||    14
    Use: Scroll            |     2 |     2 |    11 |     7 |     4 ||    26
         Potion            |       |     1 |     6 |     4 |     9 ||    20
   Stab: Petrifying        |     1 |       |       |       |       ||     1
         Confused          |       |       |     7 |    27 |     9 ||    43
         Sleeping          |       |       |     2 |     3 |     9 ||    14
         Distracted        |       |       |     1 |     1 |     3 ||     5
         Invisible         |       |       |       |     1 |     1 ||     2
         Paralysed         |       |       |       |       |     2 ||     2
         Petrified         |       |       |       |       |     4 ||     4
 Armour: Leather armour    |    82 |    37 |   203 |   273 |    55 ||   650
         Plate armour      |       |     7 |       |       |       ||     7
         Robe              |       |     2 |       |       |   370 ||   372
  Dodge: Dodged            |    66 |    39 |   177 |   399 |   683 ||  1364
  Block: Buckler           |       |       |       |    85 |   351 ||   436

Table legend: (Time is in decaauts)
 A = Elapsed time spent in this place.
 B = Non-inter-level travel time spent in this place.
 C = Inter-level travel time spent in this place.
 D = Time resting spent in this place.
 E = Time spent auto-exploring this place.
 F = Levels seen in this place.
 G = Mean time per level.
                   A        B        C        D        E       F      G
               +--------+--------+--------+--------+--------+-----+--------+
         Total |  14552 |  13152 |   1400 |    409 |   7539 |  25 |  582.1 |
       Dungeon |   8493 |   7638 |    855 |    142 |   4873 |  11 |  772.1 |
        Temple |     19 |     17 |      2 |      0 |      0 |   1 |   19.0 |
          Lair |   4830 |   4378 |    452 |    218 |   2487 |   5 |  966.0 |
   Spider Nest |     94 |     94 |      0 |      0 |      0 |   1 |   94.0 |
    Slime Pits |    325 |    236 |     89 |      0 |      0 |   5 |   65.0 |
       Ossuary |    410 |    410 |      0 |     49 |     95 |   1 |  410.0 |
        Bailey |    376 |    376 |      0 |      0 |     84 |   1 |  376.0 |
               +--------+--------+--------+--------+--------+-----+--------+

Top non-repeatable levels by time:
    D:11: 1234 daAuts
  Lair:1: 1120 daAuts
  Lair:5: 1111 daAuts
     D:9: 1046 daAuts
  Lair:3: 1005 daAuts
     D:7: 960 daAuts
  Lair:2: 885 daAuts
     D:8: 871 daAuts
     D:4: 809 daAuts
     D:1: 790 daAuts
    D:10: 759 daAuts
  Lair:4: 709 daAuts
     D:3: 516 daAuts
     D:5: 503 daAuts
     D:2: 501 daAuts
